Match 46872171
Unlisted

Match 46872171
End
Construct Section Command Post
Selects Australian Defense Battlegroup
Selects Australian Light Infantry Section
Australian Light Infantry Section
Infantry Section
Australian Light Infantry Section
Construct Platoon Command Post
Selects 2-pounder Anti-tank Gun Team
2-pounder Anti-tank Gun Team
Vickers Machine Gun Team
Infantry Training
Construct Field Infirmary
Team Weapon Training
Vickers Machine Gun Team
Unlock Bishop Self-propelled Artillery
6-pounder Anti-tank Gun Team
Bishop Self-propelled Artillery
Light Vehicle Training
Selects Vehicle Over Repair
Selects CMP 15cwt Supply Run
CMP 15cwt Truck
6-pounder Anti-tank Gun Team
Construct Company Command Post
Selects Reinforced Resource Caches
Selects Archer Tank Destroyer
Archer Tank Destroyer
Crusader II Medium Tank
pp123p
Niker1
Angrybirds
Demi
0
0

Comments sign in to comment!

No comments posted yet!